 Dungeon Crawl Stone Soup version 0.17-a0-755-g4391640 (webtiles) character file.

67 ololoev the Magician (level 3, -1/26 HPs)
             Began as a Demigod Wanderer on Apr 22, 2015.
             Slain by a hobgoblin (2 damage)
             ... on level 2 of the Dungeon.
             The game lasted 00:09:08 (1946 turns).

ololoev the Magician (Demigod Wanderer)             Turns: 1946, Time: 00:09:08

Health: -1/26      AC:  2    Str: 14    XL:     3   Next: 70%
Magic:  1/10       EV: 11    Int: 16    God:
Gold:   93         SH:  0    Dex: 18    Spells: 2 memorised, 5 levels left

rFire  . . .     SeeInvis .     d - +0 dagger
rCold  . . .     Clarity  .     c - +0 robe
rNeg   . . .     SustAb   +     (no shield)
rPois  .         Gourm    .     (no helmet)
rElec  .         Spirit   .     (no cloak)
rCorr  .         Warding  .     (no gloves)
rMut   .         Stasis   .     (no boots)
MR     .....                    (no amulet)
Stlth  ++........               (no ring)
                                (no ring)

@: not resistant to hostile enchantments, unstealthy
A: high mp 1, sustain abilities
a: no special abilities


Innate Abilities, Weirdness & Mutations

You have an increased reservoir of magic (+10% MP).
Your attributes are resistant to harm.

Inventory:

Hand weapons
 d - a +0 dagger (weapon)
Armour
 c - a +0 robe (worn)
Scrolls
 b - 3 scrolls of teleportation
 g - a scroll of blinking {unknown}
 h - a scroll of enchant armour {unknown}
 i - a scroll of magic mapping {unknown}
Potions
 f - 3 potions of mutation {unknown}
Books
 a - a book of Flames

   Spells                             Type                      Level
   a - Flame Tongue                   Conjuration/Fire             1
   b - Throw Flame                    Conjuration/Fire             2
   c - Conjure Flame                  Conjuration/Fire             3
   d - Inner Flame                    Hexes/Fire                   3
   e - Sticky Flame                   Conjuration/Fire             4
   f - Fireball                       Conjuration/Fire             5
Comestibles
 e - a bread ration
 j - 2 chunks of flesh
 k - a slice of pizza


   Skills:
   Level 1.7 Shields
 - Level 3.6 Spellcasting
 * Level 2.4 Conjurations
   Level 1.0 Hexes
   Level 1.0 Necromancy
   Level 1.0 Translocations
 + Level 2.2 Fire Magic


You had 5 spell levels left.
You knew the following spells:

 Your Spells              Type           Power        Failure   Level  Hunger
a - Flame Tongue          Conj/Fire      ##...        10%         1    None
b - Conjure Flame         Conj/Fire      ##......     21%         3    ###....


You were on level 2 of the Dungeon.
You were not hungry.

You visited 1 branch of the dungeon, and saw 2 of its levels.

You collected 93 gold pieces.

#### ###### ..# #....# #.# #....#
###.# #....# # #..รท#
#####....#############
#.#.#...###........##......)...#
.....).........g@...#..........#
#.###.##<##.#####..............##
..#.#.##.##.#...#...#.#..........
#...#....####.#.#...#............
##..#..#..#...#......##..........
..........#.########)##..........
...............................>.
(.....##.##.#########.#.####.###.
.#......................# #.# #.

Notes
Turn   | Place    | Note
--------------------------------------------------------------
     0 | D:1      | ololoev, the Demigod Wanderer, began the quest for the Orb.
     0 | D:1      | ololoev set off with: a book of Flames, a scroll of teleportation, a +0 robe, a +0 dagger, a bread ration
     0 | D:1      | Reached XP level 1. HP: 14/14 MP: 7/7
     2 | D:1      | Learned a level 1 spell: Flame Tongue
   193 | D:1      | Reached skill level 1 in Conjurations
   434 | D:1      | Reached XP level 2. HP: 20/20 MP: 5/9
  1406 | D:2      | Reached XP level 3. HP: 20/26 MP: 5/10
  1411 | D:2      | Learned a level 3 spell: Conjure Flame
  1943 | D:2      | HP: 1/26 [hobgoblin (5)]
  1946 | D:2      | Slain by a hobgoblin

Dungeon Overview and Level Annotations

Branches:
Dungeon (2/15)


Message History

The hobgoblin hits you but does no damage.
Press: ? - help, v - describe, . - travel
Here: a hobgoblin, wearing a glowing scale mail (heavily wounded)
The floor.
Unknown command.
Unknown command.
Your magical contamination has completely faded away.
Casting: Flame Tongue
Confirm with . or Enter, or press ? or * to list all spells.
Aiming: Flame Tongue
Press: ? - help, Shift-Dir - straight line, f/p - hobgoblin
Aim: a hobgoblin, wearing a glowing scale mail (heavily wounded)
The flame tongue hits the hobgoblin.
The hobgoblin appears unharmed.
The hobgoblin is heavily wounded.
The hobgoblin closely misses you.
Casting: Flame Tongue
Confirm with . or Enter, or press ? or * to list all spells.
Aiming: Flame Tongue
Press: ? - help, Shift-Dir - straight line, f/p - hobgoblin
Aim: a hobgoblin, wearing a glowing scale mail (heavily wounded)
The flame tongue hits the hobgoblin.
The hobgoblin is almost dead.
The hobgoblin closely misses you.
Casting: Flame Tongue
Confirm with . or Enter, or press ? or * to list all spells.
Aiming: Flame Tongue
Press: ? - help, Shift-Dir - straight line, f/p - hobgoblin
Aim: a hobgoblin, wearing a glowing scale mail (almost dead)
The flame tongue misses the hobgoblin.
The hobgoblin hits you.
There is a stone staircase leading up here.
Casting: Flame Tongue
Confirm with . or Enter, or press ? or * to list all spells.
Aiming: Flame Tongue
Press: ? - help, Shift-Dir - straight line, f/p - hobgoblin
Aim: a hobgoblin, wearing a glowing scale mail (severely wounded)
The flame tongue hits the hobgoblin.
The hobgoblin appears unharmed.
The hobgoblin is severely wounded.
The hobgoblin hits you. The hobgoblin hits you.
You die...

You could see a hobgoblin.

Vanquished Creatures
  4 adders (D:2)
  2 giant geckos
  A giant cockroach (D:1)
  8 hobgoblins
  A quokka (D:2)
  4 bats
  A giant newt (D:1)
  4 goblins
  4 kobolds (D:1)
  3 rats (D:1)
32 creatures vanquished.

Action                   || total
-------------------------++-------
Melee: Dagger            ||    40
 Cast: Flame Tongue      ||    67
       Conjure Flame     ||     1
  Eat: Chunk             ||     3

Vault maps used:
D:1:      minmay_arrival_four_circles
D:2:      first_bread, lemuel_blue_sif_altar
